 Dungeon Crawl Stone Soup version 0.24.0-13-gcf9b3192b9 (webtiles) character file.

Game seed: 17493851019058542050, levelgen mode: deterministic

3333 Aviak the Summoner (level 10, 0/73 HPs)
             Began as a Gnoll Summoner on Nov 10, 2019.
             Was a Believer of Sif Muna.
             Killed from afar by an electric eel (9 damage)
             ... with a bolt of electricity
             ... on level 8 of the Dungeon.
             The game lasted 00:16:01 (8184 turns).

Aviak the Summoner (Gnoll Summoner)                 Turns: 8184, Time: 00:16:01

Health: 0/73       AC:  9    Str: 17    XL:     10   Next: 2%
Magic:  10/20      EV: 16    Int: 21    God:    Sif Muna [**....]
Gold:   146        SH:  5    Dex: 15    Spells: 5/23 levels left

rFire    . . .     SeeInvis .   v - +5 war axe (curse)
rCold    . . .     Gourm    +   a - +0 buckler
rNeg     . . .     Faith    .   G - +3 leather armour "Xing" {Str+6}
rPois    +         Spirit   .   (no helmet)
rElec    .         Reflect  .   p - +0 cloak
rCorr    .         Harm     .   (no gloves)
MR       .....                  f - +0 pair of boots
Stlth    +++.......             F - amulet of the gourmand
HPRegen  0.22/turn              P - ring of poison resistance
MPRegen  0.17/turn              t - +3 ring of slaying

@: no status effects
A: distributed training, fangs 1, strong nose
a: Channel Magic, Renounce Religion


You were on level 8 of the Dungeon.
You worshipped Sif Muna.
Sif Muna was pleased with you.
You were full.

You visited 2 branches of the dungeon, and saw 9 of its levels.

You collected 478 gold pieces.
You spent 332 gold pieces at shops.

Inventory:

Hand Weapons
 v - a cursed +5 war axe (weapon)
Missiles
 d - 8 javelins (quivered)
Armour
 a - a +0 buckler (worn)
 f - a +0 pair of boots (worn)
 p - a +0 cloak (worn)
 w - cursed +0 fire dragon scales {rF++ rC-}
 D - a +0 leather armour of fire resistance
 G - the +3 leather armour "Xing" (worn) {Str+6}
   (You found it on level 7 of the Dungeon)

   It affects your strength (+6).
Magical Staves
 e - an uncursed staff of earth {unknown}
Jewellery
 o - an uncursed ring of ice
 t - a +3 ring of slaying (right hand)
 E - a +3 ring of evasion
 F - an amulet of the gourmand (around neck)
 M - an uncursed ring of protection from magic
 P - a ring of poison resistance (left hand)
Wands
 j - a wand of disintegration (12)
 H - a wand of flame (27)
 I - a wand of iceblast (5)
 J - a wand of paralysis (2)
 K - a wand of random effects (18)
Scrolls
 b - a scroll of fog {unknown}
 i - 2 scrolls of identify
 k - a scroll of enchant armour {unknown}
 n - 3 scrolls of teleportation {unknown}
 r - 5 scrolls of remove curse
 s - 3 scrolls of magic mapping {unknown}
 x - a scroll of blinking
 y - a scroll of random uselessness {unknown}
 B - 3 scrolls of amnesia {unknown}
Potions
 c - 7 potions of curing
 g - 3 potions of degeneration {!q!q}
 h - 2 potions of heal wounds
 l - 2 potions of cancellation {unknown}
 q - 2 potions of might {unknown}
 u - a potion of ambrosia {unknown}
 z - a potion of flight {unknown}
 A - a potion of lignification {unknown}
 C - a potion of magic {unknown}
Comestibles
 m - 14 rations


   Skills:
 + Level 4.7 Fighting
 + Level 4.7 Short Blades
 + Level 4.7 Long Blades
 + Level 4.7 Axes
 + Level 4.7 Maces & Flails
 + Level 4.7 Polearms
 + Level 4.7 Staves
 + Level 4.7 Slings
 + Level 4.7 Bows
 + Level 4.7 Crossbows
 + Level 4.7 Throwing
 + Level 4.7 Armour
 + Level 6.6 Dodging
 + Level 6.4 Stealth
 + Level 4.7 Shields
 + Level 4.7 Unarmed Combat
 + Level 7.0 Spellcasting
 + Level 3.9 Conjurations
 + Level 3.9 Hexes
 + Level 3.9 Charms
 + Level 8.2 Summonings
 + Level 3.9 Necromancy
 + Level 3.9 Translocations
 + Level 3.9 Transmutations
 + Level 3.9 Fire Magic
 + Level 3.9 Ice Magic
 + Level 3.9 Air Magic
 + Level 3.9 Earth Magic
 + Level 3.9 Poison Magic
 + Level 5.2 Invocations
 + Level 4.7 Evocations


You had 5 spell levels left.
You knew the following spells:

 Your Spells              Type           Power        Failure   Level  Hunger
a - Summon Small Mammal   Summ           ####         1%          1    None
b - Call Imp              Summ           #####...     1%          2    None
c - Call Canine Familiar  Summ           #####...     1%          3    #......
d - Summon Ice Beast      Ice/Summ       ####....     9%          4    ###....
e - Summon Lightning Spi  Summ/Air       ####....     9%          4    ###....
f - Fulminant Prism       Conj/Hex       ###.......   21%         4    ###....

Your spell library contained the following spells:

 Spells                   Type           Power        Failure   Level  Hunger
 Magic Dart               Conj           ###.         1%          1    None
 Summon Guardian Golem    Hex/Summ       ####....     2%          3    #......
 Searing Ray              Conj           ###...       3%          2    None
 Dazzling Spray           Conj/Hex       ###...       6%          3    #......
 Force Lance              Conj/Tloc      ###.....     21%         4    ###....
 Iskenderun's Mystic Bla  Conj           ###.....     21%         4    ###....


Dungeon Overview and Level Annotations

Branches:
Dungeon (8/15)             Temple (1/1) D:5
   Lair: D:8-11

Altars:
Ashenzari
Cheibriados
Dithmenos
Elyvilon
Fedhas
Gozag
Hepliaklqana
Kikubaaqudgha
Makhleb
Nemelex Xobeh
Okawaru
Qazlal
Ru
Sif Muna
Trog
Uskayaw
Vehumet
Wu Jian
Xom
Yredelemnul
Zin
The Shining One

Shops:
D:4 *(%=!   D:6 =

Annotations:
D:5 3 runed translucent doors, OleJ's ghost, novice GnAs; PlayerOfArmor's ghost, novice MfIE


Innate Abilities, Weirdness & Mutations

Your experience applies equally to all skills.
You have very sharp teeth.
Your uncanny sense of smell can sniff out nearby items.


Message History

Press: ? - help, Dir - move target cursor, f - electric eel
Aim: an electric eel (water) Attack!
The electric eel shoots out a bolt of lightning at you!
The bolt of electricity hits your lightning spire.
Your lightning spire completely resists.
The bolt of electricity hits your ice beast.
The bolt of electricity misses you.
The electric eel shoots out a bolt of lightning at you!
The bolt of electricity hits you!
* * * LOW HITPOINT WARNING * * *
The electric eel shoots out a bolt of lightning at you!
The bolt of electricity hits your lightning spire.
Your lightning spire completely resists.
The bolt of electricity hits your ice beast.
The bolt of electricity hits you!
* * * LOW HITPOINT WARNING * * *
The electric eel shoots out a bolt of lightning at you!
The bolt of electricity hits you!
You die...

#...# .## #...#
....########...####
....'..>...'...'..#
.........###...##.#
....≈....# #...##.#
..≈≈≈....###...##.#
≈≈≈≈≈≈......#####.#
≈≈≈≈≈≈≈....@#.....#
≈≈≈≈........#.....#
≈≈≈≈;8Y.....#.....#
............#...#'#####
.≈≈≈h≈≈.....#.......... ≈
.≈≈≈≈≈≈..####.....<.... ≈≈
≈.≈≈;≈.... +.......... ≈≈≈≈
≈≈.≈≈≈....###..........
≈≈≈≈≈≈≈..≈≈.................


You could see 2 electric eels, a friendly ice beast, a friendly wolf and a
friendly lightning spire.

Vanquished Creatures
  A steam dragon (D:8)
  A black bear (D:6)
  2 ice beasts
  A phantom (D:6)
  2 wolves (D:8)
  A big kobold (D:7)
  A bullfrog (D:7)
  A wyvern skeleton (D:7)
  5 scorpions
  A killer bee (D:8)
  3 electric eels (D:8)
  A howler monkey (D:5)
  3 crimson imps
  4 hounds
  An orc priest (D:6)
  2 centaur skeletons
  6 worker ants
  3 orc wizards
  2 gnolls (D:6)
  A howler monkey zombie (D:5)
  An adder (D:5)
  A shadow imp (D:5)
  2 oozes
  An adder zombie (D:5)
  An adder skeleton (D:6)
  A dart slug (D:3)
  A leopard gecko (D:8)
  14 orcs
  3 ball pythons
  3 bats
  4 giant cockroaches
  2 goblins
  4 hobgoblins
  11 jackals
  3 quokkas
  8 frilled lizards
  12 kobolds
  2 rats
116 creatures vanquished.

Vanquished Creatures (collateral kills)
  Pikel (D:6)
  Maurice (D:8)
  A troll (D:8)
  Prince Ribbit (D:5)
  Duvessa (D:6)
  2 slaves (D:6)
  An ice beast (D:5)
  2 centaurs
  Blork the orc (D:4)
  A big kobold (D:8)
  Dowan (D:6)
  A scorpion (D:4)
  5 killer bees (D:8)
  5 wights (D:6)
  3 hounds
  An orc priest (D:4)
  2 orc wizards
  An iguana (D:4)
  A worker ant (D:4)
  A hound skeleton (D:4)
  2 gnolls (D:5)
  9 adders
  A shadow imp (D:6)
  4 worms
  2 dart slugs
  2 orcs
  3 bats
  A giant cockroach (D:3)
  3 goblins
  3 hobgoblins
  5 jackals
  5 kobolds
  4 frilled lizards
  A jackal skeleton (D:4)
  A quokka skeleton (D:4)
  3 rats (D:1)
82 creatures vanquished.

Vanquished Creatures (others)
  2 fulminant prisms (D:8)
  6 withered plants (D:5)
8 creatures vanquished.

Grand Total: 206 creatures vanquished

Notes
Turn   | Place    | Note
-------+----------+-------------------------------------------
     0 | D:1      | Aviak the Gnoll Summoner began the quest for the Orb.
     0 | D:1      | Reached XP level 1. HP: 13/13 MP: 6/6
   615 | D:1      | Reached XP level 2. HP: 19/19 MP: 5/7
   619 | D:1      | Learned a level 2 spell: Call Imp
  1195 | D:2      | Reached XP level 3. HP: 22/25 MP: 5/9
  1358 | D:2      | Reached skill level 5 in Spellcasting
  1593 | D:2      | Reached skill level 1 in Invocations
  1901 | D:2      | Learned a level 3 spell: Call Canine Familiar
  1937 | D:2      | You fall into a shaft and drop 1 floor!
  2051 | D:3      | Reached skill level 1 in Fighting
  2051 | D:3      | Reached skill level 1 in Short Blades
  2051 | D:3      | Reached skill level 1 in Long Blades
  2051 | D:3      | Reached skill level 1 in Axes
  2051 | D:3      | Reached skill level 1 in Maces & Flails
  2051 | D:3      | Reached skill level 1 in Polearms
  2051 | D:3      | Reached skill level 1 in Staves
  2051 | D:3      | Reached skill level 1 in Slings
  2051 | D:3      | Reached skill level 1 in Bows
  2051 | D:3      | Reached skill level 1 in Crossbows
  2051 | D:3      | Reached skill level 1 in Throwing
  2051 | D:3      | Reached skill level 1 in Armour
  2051 | D:3      | Reached skill level 1 in Shields
  2051 | D:3      | Reached skill level 1 in Unarmed Combat
  2051 | D:3      | Reached skill level 1 in Evocations
  2051 | D:3      | Reached XP level 4. HP: 29/32 MP: 11/11
  2495 | D:3      | Reached skill level 1 in Conjurations
  2495 | D:3      | Reached skill level 1 in Hexes
  2495 | D:3      | Reached skill level 1 in Charms
  2495 | D:3      | Reached skill level 1 in Necromancy
  2495 | D:3      | Reached skill level 1 in Translocations
  2495 | D:3      | Reached skill level 1 in Transmutations
  2495 | D:3      | Reached skill level 1 in Fire Magic
  2495 | D:3      | Reached skill level 1 in Ice Magic
  2495 | D:3      | Reached skill level 1 in Air Magic
  2495 | D:3      | Reached skill level 1 in Earth Magic
  2495 | D:3      | Reached skill level 1 in Poison Magic
  2661 | D:3      | Found a hazy altar of Hepliaklqana.
  2715 | D:4      | Found Nadaom's Distillery.
  2715 | D:4      | Found Kijioky's Jewellery Boutique.
  2715 | D:4      | Noticed Blork the orc
  2725 | D:4      | Reached XP level 5. HP: 34/37 MP: 1/12
  2740 | D:4      | Killed Blork the orc
  2984 | D:4      | Bought a potion of heal wounds for 70 gold pieces
  2984 | D:4      | Bought a potion of curing for 42 gold pieces
  3056 | D:4      | Reached XP level 6. HP: 44/44 MP: 7/13
  3072 | D:4      | Found Pemil's Food Shop.
  3146 | D:4      | Found Sepnoit's Weapon Shoppe.
  3250 | D:4      | Reached skill level 5 in Dodging
  3312 | D:4      | Found Itiugorr's General Store.
  3922 | D:5      | Entered Level 5 of the Dungeon
  3940 | D:5      | Noticed OleJ's ghost (novice GnAs)
  3940 | D:5      | Noticed PlayerOfArmor's ghost (novice MfIE)
  3941 | D:5      | Found a runed translucent gate.
  3941 | D:5      | Found a runed translucent gate.
  3941 | D:5      | Found a runed translucent gate.
  3962 | D:5      | Noticed an ice beast
  3981 | D:5      | Killed an ice beast
  3981 | D:5      | Reached XP level 7. HP: 21/50 MP: 6/15
  3991 | D:5      | Learned a level 4 spell: Summon Lightning Spire
  4624 | D:6      | Reached skill level 5 in Stealth
  4699 | D:6      | Noticed Pikel
  4733 | D:6      | Killed Pikel
  4733 | D:6      | Reached XP level 8. HP: 34/58 MP: 12/16
  4805 | D:6      | Found an opulent altar of Gozag.
  4883 | D:6      | Found a shadowy altar of Dithmenos.
  5175 | D:5      | Found a staircase to the Ecumenical Temple.
  5177 | D:5      | Noticed Prince Ribbit
  5185 | D:5      | Killed Prince Ribbit
  5190 | Temple   | Entered the Ecumenical Temple
  5285 | Temple   | Became a worshipper of Sif Muna the Loreminder
  5820 | D:6      | Found Foasotun's Jewellery Shoppe.
  5838 | D:6      | Bought an uncursed ring of poison resistance for 220 gold
                  | pieces
  5864 | D:6      | Reached XP level 9. HP: 46/65 MP: 18/18
  5915 | D:6      | Noticed Dowan
  5916 | D:6      | Noticed Duvessa
  5930 | D:6      | Killed Duvessa
  5936 | D:6      | Killed Dowan
  6411 | D:7      | Got an ichor-stained leather armour
  6412 | D:7      | Identified the +3 leather armour "Xing" {Str+6} (You found
                  | it on level 7 of the Dungeon)
  7234 | D:8      | Reached * piety under Sif Muna
  7265 | D:8      | Reached skill level 8 in Summonings
  7351 | D:8      | Found a shadowy altar of Dithmenos.
  7353 | D:8      | Found a bloodstained altar of Trog.
  7355 | D:8      | Found a sacrificial altar of Ru.
  7356 | D:8      | Found a stormy altar of Qazlal.
  7356 | D:8      | Found a sparkling altar of Nemelex Xobeh.
  7654 | D:8      | Learned a level 4 spell: Summon Ice Beast
  7659 | D:8      | Learned a level 4 spell: Fulminant Prism
  7848 | D:8      | Noticed Maurice
  7850 | D:8      | Noticed a troll
  7852 | D:8      | Reached skill level 5 in Invocations
  7866 | D:8      | Killed a troll
  7874 | D:8      | Killed Maurice
  7919 | D:8      | Reached XP level 10. HP: 19/73 MP: 8/20
  8033 | D:8      | Reached ** piety under Sif Muna
  8184 | D:8      | Killed from afar by an electric eel

Levels and vault maps discovered:
D:1:      lightli_arrival_noodles, layout_loops_ring, minmay_pentomino_u2
D:2:      layout_basic, minmay_lizard_pond
D:3:      layout_basic, overflow_temple_1_default, first_ration
D:4:      layout_loops_ring, serial_shops, shop, nicolae_shop_behind_doors,
          shop_fountains, shop_fountains, nicolae_shop_crystal,
          uniq_blork_the_orc
D:5:      layout_basic, minmay_temple_entry_stoned_glass,
          gammafunk_ghost_cemetery, uniq_prince_ribbit1
D:6:      layout_cave_pods, serial_shops, nicolae_shop_waterfront, basic_altar,
          grunt_dithmenos_shadows, uniq_duvessa, uniq_pikel
D:7:      layout_loops_cross, palyth_stone_intersect, minmay_puff
D:8:      layout_basic, grunt_temple_overflow_open, erik_lair_island,
          uniq_maurice
Temple:   lightli_temple_of_artemis

Skill      XL: |  1  2  3  4  5  6  7  8  9 10 |
---------------+-------------------------------+-----
Spellcasting   | 5 6 7 |  7.0
Invocations    | 1 2 3 4 5 |  5.2
Fighting       | 1 2 3 4 |  4.7
Short Blades   | 1 2 3 4 |  4.7
Long Blades    | 1 2 3 4 |  4.7
Axes           | 1 2 3 4 |  4.7
Maces & Flails | 1 2 3 4 |  4.7
Polearms       | 1 2 3 4 |  4.7
Staves         | 1 2 3 4 |  4.7
Slings         | 1 2 3 4 |  4.7
Bows           | 1 2 3 4 |  4.7
Crossbows      | 1 2 3 4 |  4.7
Throwing       | 1 2 3 4 |  4.7
Armour         | 1 2 3 4 |  4.7
Shields        | 1 2 3 4 |  4.7
Unarmed Combat | 1 2 3 4 |  4.7
Evocations     | 1 2 3 4 |  4.7
Conjurations   | 1 2 3 |  3.9
Hexes          | 1 2 3 |  3.9
Charms         | 1 2 3 |  3.9
Necromancy     | 1 2 3 |  3.9
Translocations | 1 2 3 |  3.9
Transmutations | 1 2 3 |  3.9
Fire Magic     | 1 2 3 |  3.9
Ice Magic      | 1 2 3 |  3.9
Air Magic      | 1 2 3 |  3.9
Earth Magic    | 1 2 3 |  3.9
Poison Magic   | 1 2 3 |  3.9
Dodging        | 5 6 |  6.6
Stealth        | 5 6 |  6.4
Summonings     | 8 |  8.2

Action                   |  1- 3 |  4- 6 |  7- 9 | 10-12 || total
-------------------------+-------+-------+-------+-------++-------
Melee: Unarmed           |    38 |       |       |       ||    38
       Bite              |     7 |    11 |    21 |       ||    39
       Hand axe          |    76 |     2 |       |       ||    78
       Mace              |       |    38 |       |       ||    38
       War axe           |       |    54 |   199 |     6 ||   259
 Cast: Summon Small Mamm |    15 |     1 |       |       ||    16
       Call Imp          |     9 |    14 |     1 |       ||    24
       Call Canine Famil |       |    12 |    12 |     1 ||    25
       Summon Lightning  |       |       |     7 |     1 ||     8
       Summon Ice Beast  |       |       |     2 |     2 ||     4
       Fulminant Prism   |       |       |     2 |       ||     2
Evoke: Wand              |       |       |     5 |       ||     5
  Use: Scroll            |     2 |       |     3 |       ||     5
       Potion            |       |     1 |     1 |       ||     2
 Stab: Sleeping          |     4 |     5 |     6 |       ||    15
       Distracted        |     1 |       |     1 |       ||     2
  Eat: Chunk             |     3 |     7 |    11 |     6 ||    27
       Ration            |       |       |     1 |       ||     1
Armor: Robe              |    23 |       |       |       ||    23
       Leather armour    |     1 |    21 |    52 |     1 ||    75
Dodge: Dodged            |   115 |    90 |   183 |     3 ||   391
Block: Buckler           |       |       |    28 |     1 ||    29
